 Dungeon Crawl Stone Soup version 0.24-a0-123-ga2403f3 (console) character file.

Game seed: 1632879909998131532

193 Voker57 the Slasher (level 5, -1/39 HPs)
             Began as a Demonspawn Gladiator on Feb 22, 2019.
             Was an Initiate of Okawaru.
             Slain by a hound (5 damage)
             ... on level 4 of the Dungeon.
             The game lasted 00:02:26 (2358 turns).

Voker57 the Slasher (Demonspawn Gladiator)          Turns: 2358, Time: 00:02:26

Health: -1/39      AC:  4    Str: 14    XL:     5   Next: 43%
Magic:  5/5        EV: 13    Int: 10    God:    Okawaru [......]
Gold:   72         SH:  0    Dex: 15    Spells: 4/4 levels left

rFire    . . .     SeeInvis .   a - +0 long sword
rCold    . . .     Gourm    .   (no shield)
rNeg     . . .     Faith    .   b - +0 leather armour
rPois    .         Spirit   .   c - +0 helmet
rElec    .         Reflect  .   k - scarf {repulsion}
rCorr    .         Harm     .   (no gloves)
MR       .....                  (no boots)
Stlth    +.........             (no amulet)
HPRegen  0.13/turn              (no ring)
MPRegen  0.09/turn              (no ring)

@: repel missiles
A: talons 1, powered by death 1
a: Renounce Religion


You were on level 4 of the Dungeon.
You worshipped Okawaru.
Okawaru was noncommittal.
You were not hungry.

You visited 1 branch of the dungeon, and saw 4 of its levels.

You collected 72 gold pieces.

Inventory:

Hand Weapons
 a - a +0 long sword (weapon)
Missiles
 d - 3 throwing nets (quivered)
Armour
 b - a +0 leather armour (worn)
 c - a +0 helmet (worn)
 k - a scarf of repulsion (worn)
Scrolls
 g - 5 scrolls of teleportation {unknown}
 m - a scroll of blinking {unknown}
 n - 7 scrolls of identify {unknown}
 o - a scroll of noise {unknown}
 p - 3 scrolls of remove curse {unknown}
 s - a scroll of fog {unknown}
 t - a scroll of amnesia {unknown}
Potions
 e - 2 potions of heal wounds
 h - 2 potions of curing
 i - a potion of berserk rage
 j - a potion of brilliance {unknown}
 l - a potion of magic {unknown}
 r - a potion of lignification {unknown}
Comestibles
 f - 5 rations
 q - a chunk of flesh


   Skills:
 + Level 2.5 Fighting
 + Level 4.4 Long Blades
 + Level 2.0 Throwing
 + Level 1.7 Armour
 + Level 3.2 Dodging
 + Level 0.5 Stealth


You had 4 spell levels left.
You didn't know any spells.
Your spell library was empty.

Dungeon Overview and Level Annotations

Branches:
Dungeon (4/15)
 Temple: D:4-7

Altars:
Okawaru


Innate Abilities, Weirdness & Mutations

You have sharp toenails.
You regenerate a little health from kills.


Message History

You hit the hound but do no damage. You claw the hound, but do no damage.
The hound is lightly wounded.
The orc priest closely misses you.
You riposte.
You barely miss the orc priest.
The orc priest is severely wounded.
The orc hits you but does no damage. The hound bites you.
The orc priest mumbles some strange prayers to Beogh against you.
Pain shoots through your body!
* * * LOW HITPOINT WARNING * * *
The hound bites you.
* * * LOW HITPOINT WARNING * * *
The orc priest looks satisfied for a moment.
The hound closely misses you.
You riposte.
You barely miss the hound. You claw the hound.
The hound is lightly wounded.
The hound closely misses you.
You riposte.
You hit the hound but do no damage. You claw the hound.
The hound is moderately wounded.
There is a stone staircase leading up here.
The hound bites you.
You die...

#.#.#....###.## #
#....#.........
.##............##
................#
#.............#
#....#^.......#
####.....o.......#.
........o#........!
########h#o.......#
#@#.o......#
#.###.####.# #.# o#
#.# .. #.. ... #.#
#### #.# #..


You could see a hound, an orc priest and an orc.

Vanquished Creatures
  A bullfrog (D:3)
  An orc priest (D:3)
  4 adders
  An ooze (D:1)
  A worm (D:3)
  The ghost of Duffy the Chopper, a weakling NaGl (D:3)
  A dart slug (D:2)
  A leopard gecko (D:2)
  4 orcs (D:3)
  A ball python (D:2)
  2 giant cockroaches (D:2)
  13 hobgoblins
  6 kobolds
  2 bats
  2 frilled lizards
  7 goblins
  2 rats (D:1)
50 creatures vanquished.

Notes
Turn   | Place    | Note
-------+----------+-------------------------------------------
     0 | D:1      | Voker57 the Demonspawn Gladiator began the quest for the
                  | Orb.
     0 | D:1      | Reached XP level 1. HP: 16/16 MP: 1/1
   459 | D:1      | Reached skill level 3 in Long Blades
   464 | D:1      | Gained mutation: You have sharp toenails. [demonic
                  | ancestry]
   464 | D:1      | Reached XP level 2. HP: 11/22 MP: 2/2
  1022 | D:2      | Reached XP level 3. HP: 19/27 MP: 3/3
  1579 | D:2      | Reached skill level 1 in Armour
  1803 | D:3      | Found a runed translucent door.
  1812 | D:3      | Noticed a bullfrog
  1812 | D:3      | Noticed Duffy's ghost (weakling NaGl)
  1833 | D:3      | Gained mutation: You regenerate a little health from kills.
                  | [demonic ancestry]
  1833 | D:3      | Reached XP level 4. HP: 18/33 MP: 4/4
  2048 | D:3      | Reached skill level 4 in Long Blades
  2096 | D:3      | Found an iron altar of Okawaru.
  2106 | D:3      | Became a worshipper of Warmaster Okawaru
  2299 | D:3      | Killed a bullfrog
  2299 | D:3      | Reached XP level 5. HP: 39/39 MP: 5/5
  2300 | D:3      | Killed Duffy's ghost
  2358 | D:4      | Slain by a hound

Levels and vault maps discovered:
D:1:      noname_arrival_rooms_in_the_neighbourhood, layout_basic
D:2:      layout_basic
D:3:      layout_rooms, lemuel_doored_altar, ebering_ghost_sewer_d,
          corexii_corridor_pit
D:4:      wad_lake_hut, layout_loops_ring, serial_shops, kennysheep_mini_moat

Skill      XL: |  1  2  3  4 |
---------------+-------------+-----
Long Blades    | 3 4 |  4.4
Dodging        | 3 |  3.2
Armour         | 1 |  1.7
Throwing       | 2 |  2.0
Fighting       | |  2.5
Stealth        | |  0.5

Action                   |  1- 3 |  4- 6 || total
-------------------------+-------+-------++-------
Melee: Long sword        |    82 |    31 ||   113
       Kick              |    23 |    16 ||    39
Throw: Throwing net      |       |     1 ||     1
  Use: Potion            |       |     3 ||     3
 Stab: Held in net/web   |       |     1 ||     1
  Eat: Chunk             |     3 |     2 ||     5
Armor: Leather armour    |    21 |    10 ||    31
Dodge: Dodged            |    60 |    34 ||    94
       Rpst.: Long sword |    16 |    17 ||    33

Table legend:
 A = Non-vault XP
 B = Vault XP
 C = Vault XP percentage of total XP
 D = Non-vault monster count
 E = Vault monster count
 F = Vault count percentage of total count
                 A         B        C        D         E       F
            +---------+---------+-------+---------+---------+-------
      Total |     162 |     114 |  41.3 |      46 |       4 |   8.0
            +---------+---------+-------+---------+---------+-------
        D:1 |      33 |       0 |   0.0 |      17 |       0 |   0.0
        D:2 |      56 |       0 |   0.0 |      16 |       0 |   0.0
        D:3 |      73 |     114 |  61.0 |      13 |       4 |  23.5
            +---------+---------+-------+---------+---------+-------
